 Dungeon Crawl Stone Soup version 0.26-a0-541-g3b3d21e777 (webtiles) character file.

Game seed: 1747974077599103600

1787 CovertPenguin the Slicer (level 9, -10/51 HPs)
             Began as a Kobold Berserker on Aug 14, 2020.
             Was a Priest of Trog.
             Killed from afar by a white imp (11 damage)
             ... with a puff of frost
             ... summoned by Eustachio
             ... on level 6 of the Dungeon on Aug 16, 2020.
             The game lasted 00:17:43 (8303 turns).

CovertPenguin the Slicer (Kobold Berserker)         Turns: 8303, Time: 00:17:44

Health: -10/51     AC:  0    Str: 14    XL:     9   Next: 29%
Magic:  9/9        EV: 21    Int:  9    God:    Trog [***...]
Gold:   349        SH:  5    Dex: 22    Spells: 8/8 levels left

rFire    . . .     SeeInvis .   (weapon currently unavailable)
rCold    . . .     Faith    .   (shield currently unavailable)
rNeg     . . .     Spirit   .   (armour currently unavailable)
rPois    .         Reflect  +   (helmet currently unavailable)
rElec    .         Harm     .   (cloak currently unavailable)
rCorr    .                      (gloves currently unavailable)
MR       ++...                  (boots currently unavailable)
Stlth    ++++++....             B - amulet of reflection
HPRegen  1.17/turn              (ring currently unavailable)
MPRegen  0.11/turn              (ring currently unavailable)

@: bat-form (expiring), berserk cooldown, flying, regenerating, slowed, quick
A: tiny, nightstalker 3
a: Berserk, Trog's Hand, Renounce Religion


You were on level 6 of the Dungeon.
You worshipped Trog.
Trog was most pleased with you.
You were in bat-form.
You visited 1 branch of the dungeon, and saw 6 of its levels.
You also visited: Sewer.

You collected 349 gold pieces.

Inventory:

Hand Weapons
 a - a +0 short sword (melded)
Missiles
 d - 231 stones (quivered)
 i - 55 poisoned darts
 y - 3 boomerangs
Armour
 e - a +0 cloak (melded)
   (You found it on level 1 of the Dungeon)
 j - a +0 helmet (melded)
   (You took it off Robin on level 2 of the Dungeon)
 D - a +0 leather armour (melded)
   (You took it off an orc on level 4 of the Dungeon)
Jewellery
 h - an uncursed amulet of the acrobat
   (You found it on level 2 of the Dungeon)
 o - a ring of protection from cold (melded)
   (You found it on level 1 of the Dungeon)
 B - an amulet of reflection (around neck)
   (You found it on level 4 of the Dungeon)
Wands
 p - a wand of enslavement (7)
   (You found it on level 2 of the Dungeon)
 v - a wand of digging (3)
   (You found it on level 5 of the Dungeon)
 x - a wand of acid (6)
   (You found it on level 4 of the Dungeon)
Scrolls
 c - 3 scrolls of enchant weapon {unknown}
 f - a scroll of magic mapping
 g - 7 scrolls of teleportation {@r4}
 l - 3 scrolls of remove curse {@r2}
 m - a scroll of random uselessness {unknown}
 n - a scroll of fear
 t - a scroll of identify {@r1}
 w - a scroll of fog
 A - a scroll of noise {unknown}
 C - a scroll of enchant armour {unknown}
Potions
 b - a potion of heal wounds {@q2}
 k - 4 potions of curing {@q1}
 q - a potion of might
 r - 2 potions of flight
 s - 3 potions of invisibility {unknown}
 u - 2 potions of resistance {unknown}
 z - a potion of haste {unknown}


   Skills:
 * Level 3.3 Fighting
 - Level 12.0 Short Blades
 + Level 0.1 Throwing
 - Level 1.5 Armour
 - Level 2.4 Dodging
 + Level 10.0 Stealth
 * Level 0.2 Evocations


You had 8 spell levels left.
You didn't know any spells.
Your spell library was empty.

Dungeon Overview and Level Annotations

Branches:
Dungeon (6/15)              Sewer (visited)
 Temple: D:4-7

Altars:
Cheibriados
Hepliaklqana
Makhleb
Okawaru
Qazlal
Zin
The Shining One

Shops:
D:4 (

Annotations:
D:4 2 runed translucent doors
D:6 Eustachio


Innate Abilities, Weirdness & Mutations

You are small and have problems with some larger weapons.
You are completely attuned to the shadows.


Message History

Eustachio mumbles some strange words.
Eustachio blinks!
The quokka completely misses you. The rat completely misses you.
The leopard gecko closely misses you. You block the quokka's attack.
The quokka misses you. The white imp misses you.
You barely miss Eustachio. The leopard gecko bites you.
* * * LOW HITPOINT WARNING * * *
Eustachio zaps a wand.
The now-empty wand crumbles to dust.
The leopard gecko bites you.
* * * LOW HITPOINT WARNING * * *
The quokka completely misses you.
Eustachio gestures wildly while chanting.
Eustachio blinks!
You barely miss Eustachio.
Your transformation is almost over.
The leopard gecko misses you. The quokka completely misses you.
The iron imp misses you. You block Eustachio's attack.
The leopard gecko completely misses you.
The quokka closely misses you.
Your skin crawls.
You feel resistant to hostile enchantments.
Eustachio casts a spell.
Eustachio blinks!
You block the iron imp's attack.
The leopard gecko completely misses you.
The quokka completely misses you.
Eustachio gestures wildly while chanting.
Eustachio blinks!
You block the iron imp's attack. The leopard gecko misses you.
The white imp disappears in a puff of smoke!
The quokka closely misses you.
You hit Eustachio but do no damage.
The quokka twitches its whiskers.
You block the quokka's attack. You block the iron imp's attack.
You block the leopard gecko's attack. The quokka bites you.
* * * LOW HITPOINT WARNING * * *
Eustachio misses you.
You hit Eustachio but do no damage. The leopard gecko misses you.
The quokka barely misses you. You block the white imp's attack.
The iron imp closely misses you. You block Eustachio's attack.
The leopard gecko completely misses you.
You hit Eustachio but do no damage. The quokka misses you.
The white imp gestures at you. The puff of frost hits you!
* * * LOW HITPOINT WARNING * * *
The iron imp misses you. You block Eustachio's attack.
You block the leopard gecko's attack. The quokka bites you.
* * * LOW HITPOINT WARNING * * *
The white imp gestures at you. The puff of frost hits you!
You die...

##.....<.#
#.....##....
##..ยง..#
....
#......#
##..
#.#....# ##
..5l.##...#
....###...##
...# #.r5l#
... ##rrb#
#.5@##
#....#
##...##
#.....##
##......#
#.......#
#.......#
##.......#


You could see Eustachio, an iron imp (summoned), a white imp (summoned), a
leopard gecko, 2 quokkas and a rat (summoned).

Vanquished Creatures
  Menkaure (D:4)
  An ice beast (D:5)
  A phantom (D:5)
  2 sky beasts
  2 ogres (D:4)
  A big kobold (Sewer)
  3 bullfrogs
  A scorpion (D:4)
  A centaur zombie (D:5)
  An orc priest (D:4)
  2 jellies
  2 hounds
  3 orc wizards (D:4)
  A bullfrog skeleton (D:6)
  An iguana (D:5)
  3 worker ants
  A hound skeleton (D:5)
  10 gnolls
  Robin (D:2)
  9 adders
  4 river rats
  3 shadow imps
  An ooze (D:2)
  An adder skeleton (D:5)
  3 worms
  2 dart slugs
  5 leopard geckos
  21 orcs
  12 bats
  6 giant cockroaches
  13 goblins
  13 hobgoblins
  13 jackals
  10 kobolds
  2 quokkas
  5 frilled lizards
  A quokka skeleton (D:4)
  5 rats
167 creatures vanquished.

Notes
Turn   | Place    | Note
-------+----------+-------------------------------------------
     0 | D:1      | CovertPenguin the Kobold Berserker began the quest for the
                  | Orb.
     0 | D:1      | Reached XP level 1. HP: 14/14 MP: 1/1
   103 | D:1      | Reached XP level 2. HP: 19/19 MP: 2/2
   284 | D:1      | Reached skill level 5 in Short Blades
   345 | D:1      | Reached XP level 3. HP: 19/23 MP: 3/3
   731 | D:1      | Reached ** piety under Trog
   830 | D:2      | Noticed Robin
   874 | D:2      | Reached skill level 1 in Stealth
   879 | D:2      | Killed Robin
   879 | D:2      | Reached skill level 6 in Short Blades
   879 | D:2      | Reached XP level 4. HP: 9/28 MP: 4/4
  1378 | D:2      | Found a snail-covered altar of Cheibriados.
  2349 | D:3      | Reached XP level 5. HP: 32/32 MP: 5/5
  2410 | D:3      | Reached skill level 7 in Short Blades
  2579 | D:3      | Found a burning altar of Makhleb.
  3290 | D:4      | Noticed an ogre
  3313 | D:4      | Killed an ogre
  3313 | D:4      | Reached XP level 6. HP: 26/37 MP: 6/6
  3490 | D:4      | Reached skill level 8 in Short Blades
  3527 | D:4      | Reached *** piety under Trog
  3533 | D:4      | Found a glowing drain.
  3537 | Sewer    | Entered a sewer
  3972 | Sewer    | Found a white marble altar of Elyvilon.
  4065 | Sewer    | Reached XP level 7. HP: 41/41 MP: 7/7
  4414 | D:4      | Found a large runed translucent door.
  4414 | D:4      | Found a large runed translucent door.
  4501 | D:4      | Reached skill level 9 in Short Blades
  4501 | D:4      | Reached skill level 5 in Stealth
  5385 | D:4      | HP: 2/41 [orc priest/divine providence (13)]
  5512 | D:4      | Reached XP level 8. HP: 32/46 MP: 8/8
  5705 | D:4      | Found a glowing golden altar of the Shining One.
  5714 | D:4      | Found Peiquweq's Antique Weapon Boutique.
  5718 | D:4      | Reached skill level 10 in Short Blades
  5940 | D:4      | Noticed Menkaure
  5944 | D:4      | Killed Menkaure
  5950 | D:4      | Reached **** piety under Trog
  6195 | D:5      | Entered Level 5 of the Dungeon
  6336 | D:5      | Found an iron altar of Okawaru.
  6345 | D:5      | Found a glowing silver altar of Zin.
  6469 | D:5      | Upgraded the game from 0.26-a0-537-g96b2eae49b to
                  | 0.26-a0-541-g3b3d21e777
  6474 | D:5      | Found a hazy altar of Hepliaklqana.
  6477 | D:5      | Found a stormy altar of Qazlal.
  6488 | D:5      | Reached skill level 11 in Short Blades
  7348 | D:5      | Reached XP level 9. HP: 51/51 MP: 9/9
  7744 | D:6      | Reached skill level 12 in Short Blades
  8245 | D:6      | Reached skill level 10 in Stealth
  8263 | D:6      | Noticed Eustachio
  8303 | D:6      | HP: 1/51 [quokka[Eustachio] (5)]
  8303 | D:6      | Killed from afar by a white imp

Illustrated notes

Levels and vault maps discovered:
D:1:      ebering_hopf_link, layout_rooms
D:2:      layout_loops_corners, cheibriados_altar_1, serial_bayou_lagoon_a,
          minmay_pentomino_t4, uniq_robin
D:3:      layout_basic, lemuel_coloured_pillars_altar, minivault_23
D:4:      layout_basic, kennysheep_little_box, ebering_ghost_disaster_area,
          gup_sewer_entry_spiral, serial_shops, shop,
          kennysheep_decorative_pillar, kennysheep_nub, uniq_menkaure
D:5:      layout_cave_pods, grunt_temple_overflow_cloverleaf
D:6:      layout_cave_pods, uniq_eustachio, uniq_sigmund

Skill      XL: |  1  2  3  4  5  6  7  8  9 |
---------------+----------------------------+-----
Short Blades   | 5 6 7 8 9 11 12 | 12.0
Stealth        | 1 2 3 4 6 8 10 | 10.0
Fighting       | |  3.3
Throwing       | |  0.1
Armour         | |  1.5
Dodging        | |  2.4
Evocations     | |  0.2

Action                   |  1- 3 |  4- 6 |  7- 9 || total
-------------------------+-------+-------+-------++-------
Melee: Short sword       |   121 |   144 |   416 ||   681
       Unarmed           |       |       |    20 ||    20
Invok: Berserk           |     1 |     3 |     9 ||    13
       Trog's Hand       |     1 |       |     2 ||     3
  Use: Scroll            |       |     5 |     5 ||    10
       Potion            |       |       |     3 ||     3
 Stab: Sleeping          |     7 |    28 |    23 ||    58
       Distracted        |       |     2 |     1 ||     3
Armor: Animal skin       |    23 |    10 |    19 ||    52
       Leather armour    |       |       |    21 ||    21
Dodge: Dodged            |    53 |    56 |   208 ||   317
Block: Other             |       |       |    22 ||    22

Table legend: (Time is in decaauts)
 A = Elapsed time spent in this place.
 B = Non-inter-level travel time spent in this place.
 C = Inter-level travel time spent in this place.
 D = Time resting spent in this place.
 E = Time spent auto-exploring this place.
 F = Levels seen in this place.
 G = Mean time per level.
                   A        B        C        D        E       F      G
               +--------+--------+--------+--------+--------+-----+--------+
         Total |   8298 |   8064 |    234 |   2827 |   3921 |   7 | 1185.4 |
       Dungeon |   7616 |   7382 |    234 |   2530 |   3658 |   6 | 1269.3 |
         Sewer |    681 |    681 |      0 |    297 |    263 |   1 |  681.0 |
               +--------+--------+--------+--------+--------+-----+--------+

Top non-repeatable levels by time:
     D:4: 2039 daAuts
     D:3: 1409 daAuts
     D:5: 1408 daAuts
     D:2: 1363 daAuts
     D:1: 780 daAuts
   Sewer: 681 daAuts
     D:6: 613 daAuts
